 Dungeon Crawl Stone Soup version 0.31-a0-986-g5e6e4ef867 (webtiles) character file.

Game seed: 17593763403282833969

3539877 freelancePsychic the Acrobat (level 26, 201/201 HPs)
             Began as a Demonspawn Hedge Wizard on Nov 2, 2023.
             Was the Champion of Ashenzari.
             Escaped with the Orb
             ... and 5 runes on Nov 9, 2023!
             The game lasted 02:36:32 (58942 turns).

freelancePsychic the Acrobat (DsHW)                Turns: 58942, Time: 02:36:33

Health: 201/201    AC: 32    Str:  9 (10) XL:     26   Next: 4%
Magic:  42/42      EV: 27    Int: 31 (32) God:    Ashenzari [******]
Gold:   6440       SH:  8    Dex: 18 (20) Spells: 25/56 levels left

rFire   + + +        V - +7 captain's cutlass {speed, disarm, Self, Range} (curse)
rCold   . . .        G - +0 buckler "Behold Eternity" {Melee, Elem} (curse)
rNeg    . . .        b - +5 ring mail "Eternal Together" {Harm Fly Regen+, Range, Elem} (curse)
rPois   +            F - +0 helmet of Ashenzari's Planets {Drain rF+ Regen+, Melee, Self} (curse)
rElec   +            x - +2 cloak "Circumscribed With Me" {Elem, Melee} (curse)
rCorr   .            D - +5 pair of gloves "Tethered Omen" {rF+ Will+ Slay+3, Alch, Elem} (curse)
SInv    +            (boots unavailable)
Will    ++...        B - amulet "Shattered Together" {RegenMP, Bglg, Range} (curse)
Stlth   ++           A - ring of the Elysian Seer {EV+5 Int+5, Fort, Bglg} (curse)
HPRegen 2.13/turn    S - ring of Cremastomancy {rElec rF+ Int+2 Dex+6 SInv, Elem, Alch} (curse)
MPRegen 0.68/turn

%: harm (+30% outgoing, +20% incoming), clarity
@: flying
A: hooves 3, slimy green scales 3, demonic guardian 3, demonic magic 3,
corrupting presence 2, word of chaos, frail 1, screaming 1, weak 1, inability to
read after injury 1
0: Orb of Zot
}: 5/15 runes: barnacled, slimy, silver, abyssal, gossamer
a: Word of Chaos, Renounce Religion, Shatter the Chains


You escaped.
You worshipped Ashenzari.
Ashenzari was exalted by your worship.
You visited 10 branches of the dungeon, and saw 52 of its levels.
You visited the Abyss 2 times.
You also visited: Trove, Bailey, Gauntlet and Ice Cave.

You collected 8893 gold pieces.
You spent 2453 gold pieces at shops.

Inventory:

Hand Weapons
 V - the cursed +7 captain's cutlass (weapon) {speed, disarm, Self, Range}
   (You found it on level 4 of the Shoals)

   It has a curse which improves the following skills: Introspection: Fighting
   and Spellcasting.
   Ranged Combat: Ranged Weapons and Throwing.
Missiles
 n - 3 throwing nets
Armour
 b - the cursed +5 ring mail "Eternal Together" (worn) {Harm Fly Regen+, Range, Elem}
   (You found it on level 3 of the Elven Halls)

   Fly:       It grants you flight.
   Regen+:    It increases your rate of health regeneration.
   Harm:      It increases damage dealt and taken.
   It has a curse which improves the following skills: Ranged Combat: Ranged
   Weapons and Throwing.
   Elements:  Fire Magic, Ice Magic, Air Magic and Earth Magic.
 x - the cursed +2 cloak "Circumscribed With Me" (worn) {Elem, Melee}
   (You found it on level 4 of the Dungeon)

   It has a curse which improves the following skills: Elements: Fire Magic, Ice
   Magic, Air Magic and Earth Magic.
   Melee Combat: Short Blades, Long Blades, Axes, Maces & Flails, Polearms,
   Staves and Unarmed Combat.
 D - the cursed +5 pair of gloves "Tethered Omen" (worn) {rF+ Will+ Slay+3, Alch, Elem}
   (You found it in a treasure trove)

   Slay+3:    It affects your accuracy & damage with ranged weapons and melee
   (+3).
   rF+:       It protects you from fire.
   Will+:     It increases your willpower.
   It has a curse which improves the following skills: Alchemy: Poison Magic and
   Transmutations.
   Elements:  Fire Magic, Ice Magic, Air Magic and Earth Magic.
 F - the cursed +0 helmet of Ashenzari's Planets (worn) {Drain rF+ Regen+, Melee, Self}
   (You bought it in a shop on level 2 of the Vaults)

   rF+:       It protects you from fire.
   Regen+:    It increases your rate of health regeneration.
   Drain:     It drains your maximum health when unequipped.
   It has a curse which improves the following skills: Melee Combat: Short
   Blades, Long Blades, Axes, Maces & Flails, Polearms, Staves and Unarmed
   Combat.
   Introspection: Fighting and Spellcasting.
 G - the cursed +0 buckler "Behold Eternity" (worn) {Melee, Elem}
   (You took it off a gnoll sergeant on level 6 of the Dungeon)

   It has a curse which improves the following skills: Melee Combat: Short
   Blades, Long Blades, Axes, Maces & Flails, Polearms, Staves and Unarmed
   Combat.
   Elements:  Fire Magic, Ice Magic, Air Magic and Earth Magic.
Magical Staves
 f - the staff of the Shining Light {rF+ rC+ rN+ Str+3 Fire}
   (You found it on level 3 of the Elven Halls)

   [staff of fire]

   Base accuracy: +5 Base damage: 5 Base attack delay: 1.2 This weapon's minimum
   attack delay (0.6) is reached at skill level 12.
   Str+3:     It affects your strength (+3).
   rF+:       It protects you from fire.
   rC+:       It protects you from cold.
   rN+:       It protects you from negative energy.
   Fire:      It increases the power of your Fire spells.
   It falls into the 'Staves' category.
   It is a one-handed weapon.
 p - a staff of cold
Jewellery
 e - the ring of Shadows {Umbra +Inv Stlth+}
   (You found it on level 5 of the Pits of Slime)

   [ring of stealth]

   Umbra:     It surrounds you with an aura of shadow, increasing your stealth
   and reducing the accuracy of all others within it.
   +Inv:      It lets you turn invisible.
   Stlth+:    It makes you more stealthy.
 h - the ring of Ipatt {Contam rPois rN+ Will+ MP+9}
   (You found it in a treasure trove)

   [ring of poison resistance]

   rPois:     It protects you from poison rN+: It protects you from negative
   energy.
   Will+:     It increases your willpower.
   MP+9:      It affects your magic capacity (+9).
   Contam:    It causes magical contamination when unequipped.
 o - the ring "Uriqaa" {Int+6 Dex+2}
   (You found it in a treasure trove)

   [ring of intelligence]

   Int+6:     It affects your intelligence (+6).
   Dex+2:     It affects your dexterity (+2).
 A - the cursed ring of the Elysian Seer (left hand) {EV+5 Int+5, Fort, Bglg}
   (You acquired it on level 5 of the Dungeon)

   [ring of evasion]

   EV+5:      It affects your evasion (+5).
   Int+5:     It affects your intelligence (+5).
   It has a curse which improves the following skills: Fortitude: Armour and
   Shields.
   Beguiling: Conjurations, Hexes and Translocations.
 B - the cursed amulet "Shattered Together" (around neck) {RegenMP, Bglg, Range}
   (You found it on level 5 of the Dungeon)

   [amulet of magic regeneration]

   RegenMP:   It increases your rate of magic regeneration.
   It has a curse which improves the following skills: Beguiling: Conjurations,
   Hexes and Translocations.
   Ranged Combat: Ranged Weapons and Throwing.
 S - the cursed ring of Cremastomancy (right hand) {rElec rF+ Int+2 Dex+6 SInv, Elem, Alch}
   (You found it in a Gauntlet)

   [ring of protection from fire]

   Int+2:     It affects your intelligence (+2).
   Dex+6:     It affects your dexterity (+6).
   rF+:       It protects you from fire.
   rElec:     It insulates you from electricity.
   SInv:      It lets you see invisible.
   It has a curse which improves the following skills: Elements: Fire Magic, Ice
   Magic, Air Magic and Earth Magic.
   Alchemy:   Poison Magic and Transmutations.
Wands
 d - a wand of digging (12)
 s - a wand of charming (32)
 L - a wand of polymorph (19)
 M - a wand of flame (104)
 O - a wand of mindburst (84)
 T - a wand of acid (35)
 X - a wand of iceblast (25)
Scrolls
 a - 9 scrolls of enchant weapon
 c - 9 scrolls of amnesia
 i - 10 scrolls of fear
 j - 3 scrolls of summoning
 k - 12 scrolls of noise
 q - 2 scrolls of torment
 r - 20 scrolls of teleportation {@r4}
 u - 3 scrolls of immolation
 y - a scroll of revelation
 J - 6 scrolls of vulnerability
 K - 10 scrolls of poison
 N - 9 scrolls of silence
 P - 4 scrolls of fog
 Q - 2 scrolls of blinking
 U - 2 scrolls of enchant armour
Potions
 g - 8 potions of enlightenment
 l - 15 potions of curing {@q1}
 m - 3 potions of magic
 t - 5 potions of haste {@q3}
 v - 7 potions of attraction
 w - 5 potions of heal wounds {@q2}
 z - 8 potions of mutation
 C - 7 potions of ambrosia
 E - 4 potions of brilliance
 H - 4 potions of berserk rage
 I - 5 potions of resistance
 R - 6 potions of lignification
 W - 3 potions of might
 Z - 3 potions of invisibility


   Skills:
 + Level 18.4(21.8) Fighting
 - Level 10.3(15.0) Short Blades
 - Level 19.8(22.0) Armour
 - Level 22.0 Dodging
 - Level 12.8 Stealth
 + Level 9.9(12.3) Shields
 - Level 12.0(15.5) Spellcasting
 - Level 6.8(10.4) Conjurations
 - Level 4.0 Summonings
 - Level 4.4(7.8) Translocations
 - Level 4.8(8.2) Transmutations
 - Level 20.7(27) Ice Magic
 - Level 2.4(7.2) Air Magic
 - Level 0.7(3.5) Earth Magic
 - Level 2.6(5.5) Poison Magic


You had 25 spell levels left.
You knew the following spells:

 Your Spells              Type           Power      Damage    Failure   Level
a - Polar Vortex          Ice            56%        12d7*     6%          9
b - Call Imp              Summ           96%        N/A       1%          2
c - Mephitic Cloud        Conj/Pois/Air  64%        N/A       1%          3
d - Passage of Golubria   Tloc           64%        N/A       1%          4
e - Ozocubu's Refrigerat  Ice            56%        4d20      1%          7
f - Magic Dart            Conj           100%       1d8       1%          1
h - Irradiate             Conj/Tmut      35%        3d23      2%          5

Your spell library contained the following spells:

 Spells                   Type           Power      Damage    Failure   Level
 Freeze                   Ice            100%       1d10      0%          1
 Frozen Ramparts          Ice            100%       1d16      0%          3
 Hailstorm                Conj/Ice       96%        3d19      0%          3
 Apportation              Tloc           100%       N/A       1%          1
 Kiss of Death            Conj/Necr      100%       2d13      1%          1
 Sandblast                Erth           92%        2d19      1%          1
 Shock                    Conj/Air       100%       1d9       1%          1
 Summon Small Mammal      Summ           100%       N/A       1%          1
 Blink                    Tloc           100%       N/A       1%          2
 Cigotuvi's Dreadful Rot  Necr/Pois/Air  100%       N/A       1%          2
 Ensorcelled Hibernation  Hex/Ice        100%       N/A       1%          2
 Lesser Beckoning         Tloc           100%       N/A       1%          2
 Momentum Strike          Conj/Tloc      100%       3d10      1%          2
 Passwall                 Tmut/Erth      47%        N/A       1%          2
 Static Discharge         Conj/Air       100%       3-8/arc   1%          2
 Wereblood                Tmut           66%        N/A       1%          2
 Dazzling Flash           Conj/Hex       100%       N/A       1%          3
 Gell's Gravitas          Tloc           64%        N/A       1%          3
 Ignite Poison            Fire/Tmut/Pois 53%        N/A       1%          3
 Stone Arrow              Conj/Erth      100%       3d13      1%          3
 Swiftness                Air            62%        N/A       1%          3
 Teleport Other           Tloc           64%        N/A       1%          3
 Airstrike                Air            31%        2d(5-21)  1%          4
 Iskenderun's Mystic Bla  Conj/Tloc      69%        2d14      1%          4
 Summon Ice Beast         Ice/Summ       88%        N/A       1%          4
 Vhi's Electric Charge    Tloc/Air       100%       N/A       1%          4
 Freezing Cloud           Conj/Ice/Air   43%        6-21      1%          5
 Iskenderun's Battlesphe  Conj           73%        2d12      1%          5
 Metabolic Englaciation   Hex/Ice        41%        N/A       1%          5
 Call Canine Familiar     Summ           48%        N/A       2%          3
 Brom's Barrelling Bould  Conj/Erth      61%        2d8       2%          4
 Simulacrum               Ice/Necr       41%        N/A       2%          6
 Slow                     Hex            100%       N/A       3%          1
 Scorch                   Fire           60%        2d7       3%          2
 Flame Wave               Conj/Fire      56%        2d13      3%          4
 Petrify                  Tmut/Erth      57%        N/A       3%          4
 Summon Lightning Spire   Summ/Air       56%        N/A       3%          4
 Arcjolt                  Conj/Air       34%        1d44      3%          5
 Necrotise                Necr           96%        1d8       4%          1
 Jinxbite                 Hex            54%        N/A       4%          2
 Olgreb's Toxic Radiance  Pois           55%        N/A       4%          4
 Sublimation of Blood     Necr           24%        N/A       6%          2
 Alistair's Intoxication  Tmut/Pois      40%        N/A       6%          5
 Dimensional Bullseye     Hex/Tloc       24%        N/A       7%          4
 Inner Flame              Hex/Fire       28%        N/A       9%          3
 Confusing Touch          Hex            27%        N/A       10%         3
 Sigil of Binding         Hex            27%        N/A       10%         3
 Summon Forest            Summ/Tloc      28%        N/A       10%         5
 Fireball                 Conj/Fire      28%        3d12      11%         5
 Conjure Ball Lightning   Conj/Air       34%        3x3d11    16%         6
 Leda's Liquefaction      Hex/Erth       18%        N/A       17%         4
 Yara's Violent Unravell  Hex/Tmut       25%        3d11      19%         5
 Silence                  Hex/Air        24%        N/A       22%         5
 Dispersal                Tloc           32%        N/A       24%         6
 Cause Fear               Hex            13%        N/A       32%         4
 Anguish                  Hex/Necr       12%        N/A       34%         4
 Bombard                  Conj/Erth      30%        9d5       34%         6
 Eringya's Noxious Bog    Tmut/Pois      30%        4d6       34%         6
 Dispel Undead            Necr           24%        3d12      36%         4
 Orb of Destruction       Conj           36%        9d11      41%         7
 Borgnjor's Vile Clutch   Necr/Erth      17%        N/A       47%         5
 Agony                    Necr           24%        N/A       73%         5
 Plasma Beam              Fire/Air       24%        2x1d36    73%         6
 Summon Cactus Giant      Summ           24%        N/A       75%         6
 Spellforged Servitor     Conj/Summ      31%        N/A       86%         7
 Malign Gateway           Summ/Tloc      28%        N/A       96%         7
 Enfeeble                 Hex            13%        N/A       100%        7
 Summon Hydra             Summ           24%        N/A       100%        7
 Discord                  Hex            13%        N/A       100%        8
 Disjunction              Tloc           32%        N/A       100%        8
 Ignition                 Fire           15%        3d6       100%        8
 Summon Horrible Things   Summ           24%        N/A       100%        8
 Dragon's Call            Summ           24%        N/A       100%        9
 Fire Storm               Conj/Fire      28%        8d7       100%        9


Dungeon Overview and Level Annotations

Branches:
Dungeon (15/15)            Temple (0/1) D:4            Lair (5/5) D:11
 Shoals (4/4) Lair:2       Spider (4/4) Lair:3        Slime (5/5) Lair:5
    Orc (2/2) D:11            Elf (3/3) Orc:2        Vaults (5/5) D:13
  Crypt (0/3) Vaults:2     Depths (4/4) D:15            Zot (5/5) Depths:4
 Bailey (visited)           IceCv (visited)         Gauntlet (visited)

Altars:
Ashenzari
Cheibriados
Dithmenos
Gozag
Hepliaklqana
Makhleb
Nemelex Xobeh
Okawaru
Qazlal
Ru
Trog
Vehumet
Wu Jian
Xom
Yredelemnul
Jiyva

Shops:
Orc:2 =::=   Elf:1 :   Vaults:1 *   Vaults:2 [   Vaults:5 !   Depths:2 (*[?
Depths:3 ((*

Portals:
Hell: Depths:1 Depths:2 Depths:3 Depths:4
Abyss: Depths:3
Pandemonium: Depths:2
Ziggurat: Depths:1

Annotations:
D:2 Grinder
D:3 Natasha
Lair:3 2 transporters, Sompeu's ghost, journeyman DrDe
Spider:2 3 runed translucent doors, Enyawni's ghost, adept OpSh
Spider:3 1 runed translucent door, Uveidaum's ghost, adept DsMo
Elf:2 3 runed translucent doors
Elf:3 2 runed translucent doors, R007833r's ghost, adept MiBe
Depths:3 1 runed translucent door
Zot:1 1 transporter, exclusion: orange crystal statue, Heerchaexodu's ghost, veteran OgBe; Juhipt's ghost, veteran MiBe
Zot:5 1 exclusion


Innate Abilities, Weirdness & Mutations

You have hooves in place of feet.
You are completely covered in slimy green scales. (AC +4, rPois)
A powerful demonic guardian rushes to your aid.
Spells you cast and wands you use may paralyse nearby enemies.
Your presence sometimes corrodes or deforms those you injure.
You can speak a Word of Chaos.
You are frail. (-10% HP)
You occasionally shout uncontrollably at your foes.
You are weak. (Str -2)
You occasionally lose the ability to read scrolls when taking damage.


Message History

You fly upwards.
There is a stone staircase leading down here.
There is a stone staircase leading up here.
You fly upwards.
There is a stone staircase leading down here.
You yell at the sixfirhy!
A sixfirhy comes into view.
The sixfirhy misses you.
The sixfirhy hits you but does no damage. 4 golden eyes come into view.
The golden eye turns its gaze towards you.
There is a stone staircase leading up here.
The sixfirhy hits you. The sixfirhy shocks you. You resist.
The sixfirhy completely misses you. The sixfirhy barely misses you.
You fly upwards.
Level annotation: Natasha
There is a stone staircase leading down here.
What level of the Dungeon? (default 1, ? - help) HP restored.
You see here a +0 falchion.
A cacodemon and an orange demon come into view.
There is a stone staircase leading up, spattered with blood here.
The orange demon screeches!
You fly upwards.
Level annotation: Grinder
There is a stone staircase leading down here.
What level of the Dungeon? (default 1, ? - help)
You sense a monster nearby.
You see here a +0 club.
An Orb Guardian comes into view.
There is a stone staircase leading up here.
You fly upwards.
There is a stone staircase leading down here.
What level of the Dungeon? (default 1, ? - help)
You see here a +0 dagger.
You reach down and open the door.
There is an open door here.
There is a staircase leading out of the dungeon here.
Unknown command.
You have escaped!

.# ############ .# #..........#
.# #..........# .# ######
########..........##
.####....#####...................
..†#...........#+#.##..........##
.........#######.#.......####....
...##....# ###.###..##.# #....
...##....# #..@..##....# #....
...####..#######.#######.# #....
...#####.+.............'.####....
.......#.####.#####.####.....####
.......#...##.#####.####.###...).
.......###.'.........'...# ######
.......# #######.######..#
.......# #...........##.# #####
.......# ######.#######.####....


There were no monsters in sight!

Vanquished Creatures
  the Royal Jelly (Slime:5)
  4 dread liches
  5 orbs of fire (Zot:5)
  4 ancient liches
  6 Killer Klowns (Zot:5)
  Nikola (Spider:3)
  8 golden dragons
  5 bone dragons
  2 hellephants
  2 electric golems
  8 liches
  11 tentacled monstrosities
  Asterion (Spider:3)
  A walking divine tome (Depths:4)
  12 titans
  25 Orb Guardians (Zot:5)
  4 quicksilver dragons
  2 deep elf blademasters (Elf:3)
  2 sphinxes
  2 deep elf master archers (Elf:3)
  16 acid blobs
  5 death cobs
  3 tentacled starspawn (Abyss:3)
  Kirke (D:14)
  An Executioner (Depths:4)
  6 tengu reavers
  Agnes (Elf:1)
  Donald (Elf:3)
  14 storm dragons
  Ilsuiw (Shoals:4)
  10 azure jellies
  7 shadow dragons
  7 rockslimes
  6 fire giants
  3 deep elf sorcerers
  5 draconian monks
  10 frost giants
  3 draconian knights
  2 emperor scorpions
  3 orc warlords
  20 vault wardens
  3 iron dragons
  4 deep elf elementalists (Elf:3)
  A demonspawn blood saint (D:15)
  13 ironbound preservers
  3 draconian shifters
  2 draconian stormcallers
  2 spriggan defenders (Depths:4)
  8 ghost moths
  A juggernaut zombie (Depths:1)
  4 draconian scorchers
  A war gargoyle (Zot:2)
  3 formless jellyfish
  14 quicksilver oozes
  3 draconian annihilators
  9 ironbound thunderhulks
  17 stone giants
  4 broodmothers
  20 very ugly things
  3 vampire knights
  Azrael (Spider:3)
  11 green draconians
  8 black draconians
  7 deep elf demonologists
  16 dire elephants
  8 deep elf annihilators
  7 yellow draconians
  A bunyip (Abyss:3)
  5 purple draconians
  10 red draconians
  9 white draconians
  7 spark wasps
  3 crystal guardians
  8 deep elf death magi (Elf:3)
  5 merfolk impalers
  2 blizzard demons
  12 ettins
  10 fire dragons
  6 merfolk javelineers (Shoals:4)
  4 deep elf high priests
  5 ice dragons
  4 rakshasas
  6 entropy weavers
  15 yaktaur captains
  12 great orbs of eyes
  A hydra (Lair:3)
  4 spriggan air magi
  4 jorogumos
  12 ironbound frosthearts
  3 peacekeepers
  42 vault guards
  7 merfolk avatars
  8 ogre magi
  7 boulder beetles
  3 alligator snapping turtles
  4 centaur warriors
  2 death knights (Vaults:2)
  5 satyrs
  2 deep troll shamans
  19 two-headed ogres
  18 dancing weapons
  A merfolk aquamancer (Shoals:4)
  7 tengu warriors
  A two-headed ogre (shapeshifter) (Depths:2)
  7 death yaks
  6 hell hogs
  7 thrashing horrors
  5 demonic crawlers
  A soul eater (Depths:3)
  4 spriggan berserkers
  6 deep troll earth magi
  5 orc high priests
  8 hell knights
  A shock serpent (shapeshifter) (Vaults:5)
  Amaemon (Lair:1)
  A wretched star (Abyss:3)
  10 deep elf knights
  2 fire crabs (Shoals:1)
  Nergalle (Orc:1)
  6 skysharks
  5 pharaoh ants
  39 deep trolls
  A sun moth (Spider:3)
  2 goliath frogs (Lair:5)
  10 glowing orange brains
  12 sea snakes
  8 orb spiders
  3 iron trolls
  6 flayed ghosts
  A sea snake (shapeshifter) (Vaults:5)
  A shadow demon (D:7)
  9 deep elf archers
  35 harpies
  21 orc knights
  25 deep elf pyromancers
  6 phantasmal warriors
  6 arcanists
  23 ironbound convokers
  17 deep elf zephyrmancers
  4 steelbarb worms
  31 wolf spiders
  6 necromancers
  5 cyclopes
  A worldbinder (Abyss:3)
  2 orc sorcerers
  A fire giant zombie (Depths:1)
  15 manticores
  3 shining eyes
  17 ugly things
  16 moths of wrath
  A stone giant skeleton (Vaults:4)
  A salamander (shapeshifter) (Elf:1)
  23 fauns
  8 merfolk sirens
  20 elephants
  A guardian serpent (shapeshifter) (Vaults:5)
  2 smoke demons
  6 water nymphs
  25 vault sentinels
  An elf zombie (Vaults:4)
  3 eyes of devastation
  6 black mambas
  A gargoyle (D:13)
  An orange demon (Abyss:3)
  19 cane toads
  3 torpor snails
  2 rime drakes (Lair:5)
  2 unseen horrors
  7 freezing wraiths
  2 efreet
  A hellion (Abyss:3)
  29 yaktaurs
  2 ice devils (Zot:5)
  A yaktaur (shapeshifter) (D:14)
  12 komodo dragons
  2 ancient zymes (Abyss:3)
  2 red devils
  4 tengu conjurers
  25 merfolk
  A human zombie (Vaults:4)
  5 wind drakes
  5 polar bears
  2 tyrant leeches (Lair:5)
  7 trolls
  A tarantella (shapeshifter) (Zot:2)
  A wolf spider simulacrum (D:15)
  A hornet (shapeshifter) (D:15)
  26 tarantellas
  A wind drake (shapeshifter) (Elf:2)
  7 hornets
  8 blink frogs (Lair:5)
  2 glass eyes
  4 snapping turtles
  16 raiju
  4 dream sheep
  29 jumping spiders
  4 large abominations
  27 culicivoras
  69 slime creatures
  15 air elementals
  5 spriggans
  4 ynoxinuls
  2 shadows
  4 wraiths
  6 water elementals
  10 fire bats
  39 yaks
  4 wyverns
  2 vampires
  Eustachio (D:3)
  5 golden eyes (Slime:4)
  5 hogs (D:14)
  2 steam dragons
  5 fire elementals
  8 chaos spawn
  52 redbacks
  15 vampire mosquitoes
  6 basilisks
  A redback (shapeshifter) (Vaults:5)
  3 neqoxecs (Abyss:3)
  2 wargs
  A spriggan simulacrum (Depths:1)
  4 acid dragons
  12 hell hounds
  10 water moccasins
  4 great orb of eyes simulacra (IceCv)
  31 orc warriors
  15 black bears
  6 small abominations
  A sky beast (D:7)
  2 ice beasts
  30 ogres
  33 wolves
  7 starcursed masses (Abyss:2)
  14 centaurs
  2 phantoms
  2 kobold brigands (D:6)
  2 slime creature simulacra (IceCv)
  Blork the orc (Orc:2)
  2 gnoll sergeants
  12 bullfrogs
  6 scorpions
  3 glowing shapeshifter simulacra (IceCv)
  2 earth elementals (Elf:2)
  13 wights
  6 killer bees
  4 howler monkeys
  2 crimson imps (Gauntlet)
  7 hounds
  3 quasits
  14 orc priests
  9 jellies
  5 iguanas
  2 sleepcaps (D:6)
  Jessica (D:2)
  17 orc wizards
  8 gnolls (D:6)
  7 adders
  2 white imps (D:7)
  5 ufetubi
  2 dart slugs (D:2)
  2 worms
  83 orcs
  15 endoplasms
  6 giant cockroaches
  14 goblins
  9 hobgoblins
  A quokka (D:2)
  5 ball pythons
  5 bats
  3 frilled lizards (D:1)
  15 kobolds
  11 rats
  A spectral orc (D:7)
  A spectral weapon (Zot:5)
  3 starspawn tentacles (Abyss:3)
2191 creatures vanquished.

Vanquished Creatures (collateral kills)
  A pandemonium lord (Zot:5)
  A bone dragon (Abyss:3)
  2 Orb Guardians (Zot:5)
  2 acid blobs (Slime:5)
  Frances (D:13)
  A storm dragon (Zot:5)
  A draconian knight (Abyss:3)
  A fire giant (Vaults:5)
  A vault warden (Vaults:1)
  A draconian annihilator (Zot:3)
  A very ugly thing (Depths:2)
  2 satyrs (Shoals:3)
  A tengu warrior (D:15)
  A two-headed ogre (D:12)
  An orb spider (Spider:1)
  A steelbarb worm (Spider:1)
  A necromancer (Vaults:5)
  A harpy (Vaults:2)
  An elephant (Lair:1)
  A slime creature (Slime:5)
  An orange demon (Lair:1)
  A blink frog (Lair:5)
  2 air elementals (Elf:3)
  A vampire mosquito (D:15)
  A water moccasin (Lair:4)
  An orc warrior (Bailey)
  An ogre (D:4)
  A scorpion (D:11)
  A crimson imp (Gauntlet)
  A hound (D:4)
  2 orc priests
  A jelly (D:6)
  A gnoll bouda (D:6)
  A sleepcap (D:6)
  Robin (D:4)
  A gnoll (D:6)
  An adder (D:3)
  12 orcs
  A ball python (D:3)
  3 endoplasms (Lair:1)
  A hobgoblin (D:4)
  A quokka (D:4)
  5 goblins
  3 kobolds (D:6)
68 creatures vanquished.

Vanquished Creatures (others)
  A lich (Abyss:4)
  A deep elf zephyrmancer (Elf:3)
  A jumping spider (Spider:1)
  A quasit (Abyss:3)
  3 lightning spires (Elf:3)
  A lurking horror (Abyss:3)
  3 starspawn tentacles (Abyss:3)
11 creatures vanquished.

Grand Total: 2270 creatures vanquished

Notes
Turn   | Place    | Note
-------+----------+-------------------------------------------
     0 | D:1      | freelancePsychic the Demonspawn Hedge Wizard began the
                  | quest for the Orb.
     0 | D:1      | Reached XP level 1. HP: 13/13 MP: 4/4
   135 | D:1      | Found a faded altar of an unknown god.
   228 | D:1      | Gained mutation: You are partially covered in slimy green
                  | scales. (AC +2) [demonic ancestry]
   228 | D:1      | Reached XP level 2. HP: 20/20 MP: 1/6
   472 | D:1      | Learned a level 2 spell: Call Imp
   882 | D:1      | Reached skill level 1 in Fighting
  1389 | D:2      | Reached XP level 3. HP: 26/26 MP: 2/7
  1856 | D:2      | Noticed Jessica
  1866 | D:2      | Killed Jessica
  1867 | D:2      | Gained mutation: You have large cloven feet. [demonic
                  | ancestry]
  1867 | D:2      | Reached XP level 4. HP: 19/32 MP: 9/9
  2216 | D:3      | Noticed Natasha
  2445 | D:3      | Gained mutation: You have hoof-like feet. [demonic
                  | ancestry]
  2445 | D:3      | Reached XP level 5. HP: 38/38 MP: 10/10
  2576 | D:3      | Found a broken altar of Ashenzari.
  2580 | D:3      | Saw a vision of the Shoals and the Spider Nest.
  2580 | D:3      | Noticed a steelbarb worm
  2580 | D:3      | Noticed a merfolk
  2580 | D:3      | Noticed a merfolk
  2580 | D:3      | Noticed a merfolk
  2580 | D:3      | Noticed a tarantella
  2580 | D:3      | Noticed a sea snake
  2580 | D:3      | Noticed a tarantella
  2580 | D:3      | Noticed a wolf spider
  2580 | D:3      | Noticed a culicivora
  2580 | D:3      | Noticed a merfolk
  2580 | D:3      | Noticed a manticore
  2580 | D:3      | Noticed a boulder beetle
  2580 | D:3      | Noticed a wind drake
  2581 | D:3      | Noticed a pharaoh ant
  2581 | D:3      | Noticed a wolf spider
  2581 | D:3      | Noticed a manticore
  2581 | D:3      | Noticed a demonic crawler
  2582 | D:3      | Noticed a demonic crawler
  2584 | D:3      | Noticed a wolf spider
  2585 | D:3      | Noticed a steelbarb worm
  2613 | D:3      | Became a worshipper of Ashenzari the Shackled
  2761 | D:3      | Found a sparkling altar of Nemelex Xobeh.
  2856 | D:3      | Noticed Grinder
  2999 | D:4      | Identified the "Loli"
  3014 | D:4      | Found an opulent altar of Gozag.
  3014 | D:4      | Noticed Eustachio
  3091 | D:3      | Killed Eustachio
  3092 | D:3      | Gained mutation: You are mostly covered in slimy green
                  | scales. (AC +3) [demonic ancestry]
  3092 | D:3      | Reached XP level 6. HP: 31/48 MP: 12/12
  3310 | D:4      | Found a staircase to the Ecumenical Temple.
  3366 | D:4      | Reached XP level 7. HP: 47/55 MP: 13/13
  3589 | D:4      | Learned a level 3 spell: Mephitic Cloud
  3600 | D:4      | Noticed Robin
  3606 | D:4      | Killed Robin
  3803 | D:4      | Reached skill level 1 in Poison Magic
  3891 | D:4      | Reached skill level 5 in Fighting
  3891 | D:4      | Reached skill level 1 in Air Magic
  4653 | D:5      | Entered Level 5 of the Dungeon
  4661 | D:5      | Gained mutation: Spells you cast may paralyse adjacent
                  | enemies. [demonic ancestry]
  4661 | D:5      | Reached XP level 8. HP: 57/63 MP: 14/14
  4830 | D:5      | Found a snail-covered altar of Cheibriados.
  5191 | D:5      | Found an ornate altar of the Wu Jian Council.
  5252 | D:5      | Reached skill level 1 in Short Blades
  5258 | D:5      | Reached * piety under Ashenzari
  5258 | D:5      | Identified a scroll of acquirement
  5523 | D:5      | Acquired the ring "Sirr" {EV+5 Int+5}
  5532 | D:5      | Found a shadowy altar of Dithmenos.
  6368 | D:6      | Found an iron altar of Okawaru.
  6522 | D:6      | Reached XP level 9. HP: 66/71 MP: 15/15
  6886 | D:7      | Identified the +7 falchion of Tartarus {drain, Int+4 SInv}
  7100 | D:7      | Reached skill level 5 in Stealth
  7205 | D:7      | Found a sacrificial altar of Ru.
  7205 | D:7      | Found a radiant altar of Vehumet.
  7320 | D:7      | Found a stormy altar of Qazlal.
  7464 | D:7      | Found a hazy altar of Hepliaklqana.
  7506 | D:8      | Reached ** piety under Ashenzari
  7816 | D:8      | Reached XP level 10. HP: 83/83 MP: 16/16
  7853 | D:8      | Found the +5 robe of Misfortune {Harm *Corrode *Slow EV+5}
  8148 | D:8      | Reached skill level 5 in Short Blades
  8244 | D:8      | Found a basalt altar of Yredelemnul.
  8504 | D:9      | Reached skill level 1 in Ice Magic
  8515 | D:9      | Found a flagged portal.
  8526 | Bailey   | Entered a bailey
  8543 | Bailey   | Reached skill level 10 in Fighting
  8557 | Bailey   | Reached *** piety under Ashenzari
  8883 | Bailey   | Identified the +7 executioner's axe "Lyepsoj" {freeze,
                  | Dex+2}
  9356 | D:9      | Reached skill level 5 in Ice Magic
  9494 | D:9      | Found a burning altar of Makhleb.
  9514 | D:9      | Gained mutation: A weak demonic guardian rushes to your
                  | aid. [demonic ancestry]
  9514 | D:9      | Reached XP level 11. HP: 90/90 MP: 17/17
 10029 | D:10     | Entered Level 10 of the Dungeon
 10145 | D:10     | Reached skill level 1 in Shields
 10840 | D:11     | Found a gate leading to a gauntlet.
 10851 | Gauntlet | Entered a Gauntlet
 10851 | Gauntlet | Found a transporter.
 10860 | Gauntlet | Found a transporter.
 10875 | Gauntlet | Found a transporter.
 10877 | Gauntlet | Identified the +3 pair of boots of the Lizard {Will+ Int+5}
 10879 | Gauntlet | Identified the +7 orcbow "Uquim" {speed, *Corrode Will++
                  | Int+3}
 10880 | Gauntlet | Found a transporter.
 10883 | Gauntlet | Noticed a wolf spider
 10895 | Gauntlet | Found a transporter.
 10913 | Gauntlet | Identified the +1 pair of gloves "Paimeac" {rPois rN+}
 10914 | Gauntlet | Found a transporter.
 10914 | Gauntlet | Noticed an obsidian statue
 10923 | Gauntlet | Noticed a death scarab
 10924 | Gauntlet | Noticed a death scarab
 10926 | Gauntlet | Found a transporter.
 10928 | Gauntlet | Identified the -2 cloak "Enweam" {Rampage +Inv Int+2 Dex+4}
 10936 | Gauntlet | Identified the +0 pair of boots of the Eternal Void {Str+2
                  | Stlth+}
 10938 | Gauntlet | Found a transporter.
 10950 | Gauntlet | Found a transporter.
 10955 | Gauntlet | Noticed a death drake
 10960 | Gauntlet | Identified the ring "Fuizxe" {rElec rF+ Int+2 Dex+6 SInv}
 10962 | Gauntlet | Found a transporter.
 10962 | Gauntlet | Noticed a hell hog
 10979 | Gauntlet | Found a transporter.
 10997 | Gauntlet | Found a transporter.
 10999 | Gauntlet | Found a transporter.
 11007 | Gauntlet | Noticed a necromancer
 11025 | Gauntlet | Found a transporter.
 11025 | Gauntlet | Identified the +8 spear of Eternal Vigilance {heavy, rPois
                  | Will+ Str+2}
 11027 | Gauntlet | Found a transporter.
 11047 | Gauntlet | Found a transporter.
 11202 | Gauntlet | Found a transporter.
 11207 | Gauntlet | Found a transporter.
 11265 | Gauntlet | Killed a hell hog
 11450 | Gauntlet | Identified the +10 war axe of Uncomfortable Rashes {freeze,
                  | rF++ Str-2 Int+3}
 11450 | Gauntlet | Noticed a minotaur
 11454 | Gauntlet | Identified the +0 ring mail "Tagedurr" {Int+6}
 11743 | D:11     | Found a staircase to the Orcish Mines.
 11812 | D:11     | Reached skill level 2 in Dodging
 11819 | D:11     | Noticed a two-headed ogre
 11845 | D:11     | Killed a two-headed ogre
 12170 | D:11     | Reached XP level 12. HP: 97/97 MP: 18/18
 12180 | D:11     | Reached **** piety under Ashenzari
 12287 | D:11     | Found a staircase to the Lair.
 12367 | D:11     | Reached skill level 3 in Dodging
 12455 | D:12     | Reached skill level 1 in Translocations
 12563 | D:12     | Noticed a two-headed ogre
 12583 | D:12     | Killed a two-headed ogre
 12584 | D:12     | Reached skill level 5 in Spellcasting
 12899 | D:12     | Noticed a two-headed ogre
 12907 | D:12     | Killed a two-headed ogre
 13128 | D:12     | Learned a level 7 spell: Ozocubu's Refrigeration
 13178 | Lair:1   | Entered Level 1 of the Lair of Beasts
 13196 | Lair:1   | Reached skill level 4 in Dodging
 13417 | Lair:1   | Noticed Amaemon
 13421 | Lair:1   | Reached skill level 10 in Ice Magic
 13436 | Lair:1   | Killed Amaemon
 13528 | Lair:1   | Reached skill level 5 in Dodging
 13680 | Lair:1   | Reached ***** piety under Ashenzari
 14622 | Lair:2   | Found a staircase to the Shoals.
 14632 | Lair:2   | Reached XP level 13. HP: 103/103 MP: 21/22
 14660 | Lair:2   | Learned a level 4 spell: Passage of Golubria
 15620 | Lair:1   | Upgraded the game from 0.31-a0-983-g7b6862f502 to
                  | 0.31-a0-986-g5e6e4ef867
 15799 | Lair:2   | Reached skill level 6 in Dodging
 16594 | Lair:3   | Found a hole to the Spider Nest.
 16628 | Lair:3   | Found a transporter.
 16629 | Lair:3   | Found a transporter.
 16764 | Lair:3   | Noticed Sompeu's ghost (journeyman DrDe)
 17750 | Lair:4   | Reached skill level 7 in Dodging
 18406 | Lair:5   | Entered Level 5 of the Lair of Beasts
 18738 | Lair:5   | Found a viscous altar of Jiyva.
 18738 | Lair:5   | Found a staircase to the Slime Pits.
 18779 | Lair:5   | Gained mutation: Spells you cast may paralyse nearby
                  | enemies. [demonic ancestry]
 18779 | Lair:5   | Reached XP level 14. HP: 111/113 MP: 9/23
 19318 | Lair:5   | Reached skill level 8 in Dodging
 20914 | D:13     | Found a gate to the Vaults.
 21062 | D:13     | Noticed Frances
 21075 | D:13     | Killed Frances
 21645 | D:14     | Reached skill level 9 in Dodging
 22082 | D:14     | Noticed Kirke
 22104 | D:14     | Killed Kirke
 22596 | D:15     | Entered Level 15 of the Dungeon
 22744 | D:15     | Identified the +8 falchion "Ufagh" {flame, Will+ Str+4
                  | Dex-5 Stlth+}
 22750 | D:15     | Gained mutation: A demonic guardian rushes to your aid.
                  | [demonic ancestry]
 22750 | D:15     | Reached XP level 15. HP: 122/122 MP: 24/24
 22921 | D:15     | Reached skill level 15 in Ice Magic
 23071 | D:15     | Learned a level 5 spell: Irradiate
 23774 | D:15     | Found a staircase to the Depths.
 23845 | D:15     | Reached skill level 1 in Transmutations
 23962 | Orc:1    | Entered Level 1 of the Orcish Mines
 24159 | Orc:1    | Noticed Nergalle
 24163 | Orc:1    | Killed Nergalle
 24346 | Orc:2    | Entered Level 2 of the Orcish Mines
 24541 | Orc:2    | Noticed Blork the orc
 24542 | Orc:2    | Found a staircase to the Elven Halls.
 24545 | Orc:2    | Killed Blork the orc
 24790 | Orc:2    | Found Touhoris's Jewellery Shop.
 24790 | Orc:2    | Found Filacaisa's Book Shoppe.
 24791 | Orc:2    | Found Vamaelen's Jewellery Boutique.
 24791 | Orc:2    | Found Riysmaghea's Book Shoppe.
 24794 | Orc:2    | Reached skill level 10 in Dodging
 24794 | Orc:2    | Reached skill level 5 in Conjurations
 25110 | Orc:2    | Bought the ring of Izys {MP+9 Int+3} for 499 gold pieces
 25156 | Shoals:4 | Identified the "Wotod"
 25156 | Crypt:3  | Identified the "Ifoucw"
 25156 | Crypt:3  | Identified the of Lubaf
 25156 | Depths:1 | Identified the "Sediwefa"
 25156 | Depths:3 | Identified the of Jonam
 25156 | Elf:1    | Identified the of Gynaurruihe
 25156 | Elf:1    | Entered Level 1 of the Elven Halls
 25319 | Elf:1    | Found a portal to a secret trove of treasure.
 25514 | Elf:1    | Paralysed by an air elemental for 1 turns
 25670 | Elf:1    | Found Wuastiv's Book Shoppe.
 26141 | Elf:1    | Reached XP level 16. HP: 83/132 MP: 24/25
 26393 | Elf:1    | Noticed Agnes
 26398 | Elf:1    | Killed Agnes
 26677 | Elf:2    | Reached skill level 11 in Dodging
 28198 | Elf:2    | Found a runed translucent gate.
 28199 | Elf:2    | Found a runed translucent gate.
 28199 | Elf:2    | Found a runed translucent gate.
 28269 | Elf:3    | Identified the "Guirover"
 28269 | Elf:3    | Identified the of Naisuys
 28269 | Elf:3    | Entered Level 3 of the Elven Halls
 28286 | Elf:3    | Identified the +5 ring mail of Disguise {Harm Fly Regen+}
 28398 | Elf:3    | Noticed Donald
 28403 | Elf:3    | Killed Donald
 28653 | Elf:3    | Found a large runed translucent door.
 28653 | Elf:3    | Found a large runed translucent door.
 28661 | Elf:3    | Noticed R007833r's ghost (adept MiBe)
 28767 | Elf:3    | Found a runed translucent door.
 28773 | Elf:3    | Paralysed by an air elemental for 1 turns
 28780 | Elf:3    | Paralysed by an air elemental for 1 turns
 28817 | Elf:3    | Paralysed by an air elemental for 1 turns
 29242 | Elf:3    | Noticed a deep elf master archer
 29245 | Elf:3    | Noticed a deep elf blademaster
 29247 | Elf:3    | Reached skill level 15 in Fighting
 29248 | Elf:3    | Killed a deep elf blademaster
 29248 | Elf:3    | Killed a deep elf master archer
 29249 | Elf:3    | Reached skill level 12 in Dodging
 29250 | Elf:3    | Noticed a deep elf blademaster
 29251 | Elf:3    | Noticed a Tzitzimitl
 29252 | Elf:3    | Reached XP level 17. HP: 82/142 MP: 11/29
 29254 | Elf:3    | Noticed a deep elf master archer
 29256 | Abyss:2  | Found a corrupted altar of Lugonu.
 29256 | Abyss:2  | Cast into level 2 of the Abyss (a deep elf demonologist)
 29653 | Elf:3    | Escaped the Abyss
 29659 | Elf:3    | Killed a deep elf blademaster
 29661 | Elf:3    | Killed a deep elf master archer
 29695 | Elf:3    | Identified the amulet of Enwemet {Acrobat Int+2}
 29695 | Elf:3    | Identified the +10 flail of Talamm {freeze, rPois}
 29696 | Elf:3    | Identified the ring of Xodd {rC+ Int+2}
 29707 | Elf:3    | Identified the +4 hand axe of Obiter Dictum {flame,
                  | *Corrode rPois Str+2 Int+3}
 30144 | Elf:3    | Found the macabre finger necklace {Finger+ rN+}
 30144 | Elf:3    | Identified the ring "Ysequpluez" {Fire rPois}
 30155 | Elf:3    | Identified the +9 dire flail of the Toadstool {drain, rCorr
                  | Str+3 Dex+3}
 30161 | Elf:3    | Identified the staff of the Shining Light {rF+ rC+ rN+
                  | Str+3 Fire}
 30689 | Shoals:1 | Entered Level 1 of the Shoals
 31677 | Shoals:2 | Identified the +0 pair of boots "Gew Morph" {rN+ Str+10}
 32184 | Shoals:2 | Reached skill level 1 in Armour
 33835 | Shoals:3 | Reached XP level 18. HP: 151/151 MP: 12/31
 34238 | Shoals:4 | Entered Level 4 of the Shoals
 34238 | Shoals:4 | Found the +7 captain's cutlass {speed, disarm}
 34488 | Elf:1    | You paid a toll of a +6 demon trident to enter a treasure
                  | trove
 34489 | Trove    | Entered a treasure trove
 34494 | Trove    | Identified the +7 orcbow "Ahoz Ygou" {freeze, rC- rN++
                  | Str+4 Dex+3}
 34494 | Trove    | Identified the ring of Ipatt {Contam rPois rN+ Will+ MP+9}
 34494 | Trove    | Identified the +5 quarterstaff "Ozeprof" {heavy, *Slow
                  | rElec Will- rCorr}
 34494 | Trove    | Identified the ring "Uriqaa" {Int+6 Dex+2}
 34494 | Trove    | Identified the +5 pair of gloves of Siwniu {rF+ Will+
                  | Slay+3}
 35112 | Shoals:4 | Reached skill level 10 in Spellcasting
 35229 | Shoals:4 | Noticed Ilsuiw
 35968 | Shoals:4 | Got a barnacled rune of Zot
 36183 | Spider:1 | Entered Level 1 of the Spider Nest
 36303 | Spider:1 | Found a frozen archway.
 36315 | IceCv    | Entered an ice cave
 36678 | IceCv    | Found a viscous altar of Jiyva.
 37356 | Spider:1 | Learned a level 9 spell: Polar Vortex
 37450 | Spider:2 | Found a runed translucent gate.
 37451 | Spider:2 | Found a runed translucent gate.
 37452 | Spider:2 | Found a runed translucent gate.
 37471 | Spider:2 | Gained mutation: Spells you cast and wands you use may
                  | paralyse nearby enemies. [demonic ancestry]
 37471 | Spider:2 | Reached XP level 19. HP: 152/156 MP: 1/34
 38030 | Spider:2 | Noticed Enyawni's ghost (adept OpSh)
 38030 | Spider:2 | Noticed Enyawni's ghost (adept OpSh)
 38284 | Spider:3 | Found a runed translucent door.
 38285 | Spider:3 | Noticed Uveidaum's ghost (adept DsMo)
 38358 | Spider:3 | Noticed Asterion
 38362 | Spider:3 | Killed Asterion
 38398 | Spider:3 | Reached ****** piety under Ashenzari
 38844 | Spider:3 | Noticed Azrael
 38847 | Spider:3 | Killed Azrael
 38904 | Spider:3 | Noticed Nikola
 38912 | Spider:3 | Killed Nikola
 39422 | Lair:3   | Found a bloodstained altar of Trog.
 39539 | Shoals:4 | Killed Ilsuiw
 39812 | Spider:4 | Entered Level 4 of the Spider Nest
 40380 | Spider:4 | Identified the +0 pair of boots of the Byakko {rF+}
 40395 | Spider:4 | Got a gossamer rune of Zot
 40690 | Vaults:1 | Entered Level 1 of the Vaults
 40695 | Vaults:1 | Identified the +0 chain mail of the Goldsmith {Rampage
                  | *Slow Str-5 Int+5}
 40709 | Vaults:1 | Found Oppobb's General Store.
 40719 | Vaults:1 | Bought 2 potions of haste for 360 gold pieces
 40820 | Vaults:1 | Reached skill level 13 in Dodging
 40864 | Vaults:1 | Reached skill level 5 in Armour
 41099 | Vaults:1 | Gained mutation: Your presence sometimes corrodes those you
                  | injure. [demonic ancestry]
 41099 | Vaults:1 | Reached XP level 20. HP: 138/176 MP: 28/38
 42157 | Vaults:2 | Found a staircase to the Crypt.
 42264 | Vaults:2 | Found Nelu's Antique Armour Shoppe.
 42272 | Vaults:2 | Bought a faintly glowing helmet for 408 gold pieces
 42272 | Vaults:2 | Identified the +0 helmet of Ravioli {Drain rF+ Regen+} (You
                  | bought it in a shop on level 2 of the Vaults)
 42289 | Vaults:2 | Reached skill level 14 in Dodging
 43148 | Vaults:2 | Noticed an ancient lich
 43153 | Vaults:2 | Killed an ancient lich
 43154 | Vaults:2 | Reached skill level 10 in Short Blades
 44008 | Vaults:3 | Paralysed by a formless jellyfish for 1 turns
 44024 | Vaults:3 | Reached skill level 15 in Dodging
 44213 | Vaults:3 | Gained mutation: You are completely covered in slimy green
                  | scales. (AC +4, rPois) [demonic ancestry]
 44213 | Vaults:3 | Reached XP level 21. HP: 186/186 MP: 40/40
 44851 | Vaults:4 | Reached skill level 10 in Armour
 44968 | Vaults:4 | Acquired 1280 gold pieces
 45168 | Vaults:4 | Identified the amulet of the Saviour {Acrobat *Slow rPois
                  | SInv}
 45173 | Vaults:4 | Noticed an ancient lich
 45188 | Vaults:4 | Killed an ancient lich
 45694 | Vaults:4 | Reached skill level 16 in Dodging
 45926 | Vaults:5 | Entered Level 5 of the Vaults
 45926 | Vaults:5 | Noticed a dread lich
 45938 | Vaults:4 | Killed a dread lich
 46012 | Vaults:5 | Noticed a dread lich
 46015 | Vaults:5 | Gained mutation: Your presence sometimes corrodes or
                  | deforms those you injure. [demonic ancestry]
 46015 | Vaults:5 | Reached XP level 22. HP: 84/194 MP: 28/41
 46071 | Vaults:5 | Paralysed by a dread lich for 2 turns
 46073 | Vaults:5 | Killed a dread lich
 46137 | Vaults:5 | Identified the ring "Qoafih" {rN+ Will+ rCorr Dex+2}
 46169 | Vaults:5 | Reached skill level 10 in Stealth
 46337 | Vaults:5 | Identified the +2 dagger "Luest" {freeze, Int+4}
 46337 | Vaults:5 | Identified the +0 arbalest "Canel" {flame, rF- Str+5 Dex+5}
 46338 | Vaults:5 | Noticed a golden dragon
 46355 | Vaults:5 | Killed a golden dragon
 46378 | Vaults:5 | Reached skill level 17 in Dodging
 46406 | Vaults:5 | Identified the +6 great mace "Otaller" {heavy, *Rage rPois
                  | Dex-5 SInv}
 46416 | Vaults:5 | Identified the +2 sling "Ammolol" {drain, rC++ rCorr Int-2
                  | SInv}
 46679 | Vaults:5 | Identified the +5 scale mail "Jyd Oce" {Harm rElec Str+3}
 46693 | Vaults:5 | Noticed a golden dragon
 46699 | Vaults:5 | Killed a golden dragon
 47186 | Vaults:5 | Found Goruassy's Distillery.
 47192 | Vaults:5 | Bought a potion of brilliance for 64 gold pieces
 47192 | Vaults:5 | Bought a potion of heal wounds for 80 gold pieces
 47192 | Vaults:5 | Bought a potion of heal wounds for 80 gold pieces
 47192 | Vaults:5 | Bought a potion of heal wounds for 80 gold pieces
 47192 | Vaults:5 | Bought a potion of curing for 48 gold pieces
 47195 | Vaults:5 | Got a silver rune of Zot
 47705 | Depths:1 | Entered Level 1 of the Depths
 48260 | Depths:1 | Found a gateway to Hell.
 48295 | Depths:1 | Found a one-way gateway to a ziggurat.
 48742 | Depths:1 | Identified the +1 robe "Ibuvaf" {rElec Str+3 Dex+2}
 48895 | Depths:2 | Found Xoolaytu's Antique Armour Boutique.
 49052 | Depths:2 | Found a one-way gate leading to the halls of Pandemonium.
 49183 | Depths:2 | Found Muba's Magic Scroll Boutique.
 49187 | Depths:2 | Bought a scroll of teleportation for 72 gold pieces
 49187 | Depths:2 | Bought a scroll of teleportation for 72 gold pieces
 49187 | Depths:2 | Bought a scroll of fear for 96 gold pieces
 49307 | Depths:2 | Found Peagap's General Store.
 49310 | Depths:2 | Bought a scroll of enchant armour for 165 gold pieces
 49310 | Depths:2 | Bought a scroll of blinking for 165 gold pieces
 49367 | Depths:2 | Found Uferroh's Weapon Boutique.
 49434 | Depths:2 | Reached XP level 23. HP: 200/200 MP: 38/42
 49814 | Depths:3 | Found the +8 arc blade {discharge, rElec}
 49832 | Depths:3 | Reached skill level 18 in Dodging
 50238 | Depths:3 | Found Ivity's Antique Weapon Shoppe.
 50240 | Depths:3 | Found Lirphil's Antique Weapon Emporium.
 50242 | Depths:3 | Found Gaigg's General Store.
 50250 | Depths:3 | Bought a potion of heal wounds for 110 gold pieces
 50250 | Depths:3 | Bought a scroll of teleportation for 66 gold pieces
 50250 | Depths:3 | Bought a scroll of poison for 88 gold pieces
 50493 | Depths:3 | Found a runed translucent door.
 50587 | Depths:3 | Found a one-way gate to the infinite horrors of the Abyss.
 50820 | Depths:4 | Entered Level 4 of the Depths
 50886 | Depths:4 | Reached skill level 5 in Shields
 51029 | Depths:4 | Found a gate to the Realm of Zot.
 51615 | Depths:4 | Reached skill level 15 in Armour
 51743 | Depths:3 | Voluntarily entered the Abyss.
 51813 | Abyss:2  | Found a corrupted altar of Lugonu.
 51833 | Abyss:2  | Found a corrupted altar of Lugonu.
 51853 | Abyss:2  | Found a corrupted altar of Lugonu.
 51853 | Abyss:2  | Found a corrupted altar of Lugonu.
 52097 | Abyss:3  | Found a corrupted altar of Lugonu.
 52117 | Abyss:3  | Found a corrupted altar of Lugonu.
 52138 | Abyss:3  | Found a corrupted altar of Lugonu.
 52338 | Abyss:3  | Gained mutation: You are weak. (Str -2) [a shining eye]
 52378 | Abyss:3  | Found a corrupted altar of Lugonu.
 52588 | Abyss:3  | Gained mutation: You are frail. (-10% HP) [a neqoxec]
 52646 | Abyss:3  | Reached skill level 19 in Dodging
 52947 | Abyss:4  | Noticed an ancient lich
 52948 | Abyss:4  | Gained mutation: You have hooves in place of feet. [demonic
                  | ancestry]
 52948 | Abyss:4  | Reached XP level 24. HP: 178/187 MP: 29/42
 52958 | Abyss:4  | Killed an ancient lich
 52968 | Abyss:4  | Got an abyssal rune of Zot
 52978 | Depths:3 | Escaped the Abyss
 53248 | Zot:4    | Identified the of Bieneum
 53248 | Slime:1  | Entered Level 1 of the Pits of Slime
 53509 | Slime:5  | Identified the "Atzuudo"
 53509 | Slime:5  | Identified the "Afenof"
 53509 | Slime:5  | Identified the "Damenaes"
 53509 | Slime:5  | Entered Level 5 of the Pits of Slime
 53624 | Slime:5  | Found a viscous altar of Jiyva.
 53897 | Slime:5  | Found the ring of Shadows {Umbra +Inv Stlth+}
 54283 | Slime:5  | Noticed the Royal Jelly
 54290 | Slime:5  | Killed the Royal Jelly
 54389 | Slime:5  | Got a slimy rune of Zot
 55099 | Zot:1    | Entered Level 1 of the Realm of Zot
 55122 | Zot:1    | Found a transporter.
 55126 | Zot:1    | Noticed an orb of fire
 55126 | Zot:1    | Found the ring of the Mage {Wiz Archmagi}
 55150 | Zot:1    | Noticed a dread lich
 55348 | Zot:2    | Reached skill level 20 in Dodging
 55742 | Zot:2    | Noticed a dread lich
 55766 | Zot:2    | Killed a dread lich
 56485 | Zot:3    | Gained mutation: A powerful demonic guardian rushes to your
                  | aid. [demonic ancestry]
 56485 | Zot:3    | Reached XP level 25. HP: 192/192 MP: 1/42
 56732 | Zot:3    | Reached skill level 21 in Dodging
 57244 | Zot:5    | Entered Level 5 of the Realm of Zot
 57696 | Zot:5    | Noticed a Killer Klown
 57705 | Zot:5    | Killed a Killer Klown
 57747 | Zot:5    | Noticed a dread lich
 57770 | Zot:5    | Noticed a Killer Klown
 57775 | Zot:5    | Noticed an orb of fire
 57777 | Zot:5    | Noticed an orb of fire
 57779 | Zot:5    | Gained mutation: You occasionally shout uncontrollably at
                  | your foes. [an orb of fire]
 57780 | Zot:5    | Killed a Killer Klown
 57781 | Zot:5    | Gained mutation: You occasionally lose the ability to read
                  | scrolls when taking damage. [an orb of fire]
 57782 | Zot:5    | Killed an orb of fire
 57782 | Zot:5    | Noticed a Killer Klown
 57787 | Zot:5    | Noticed a Killer Klown
 57788 | Zot:5    | Killed a dread lich
 57790 | Zot:5    | Killed an orb of fire
 57790 | Zot:5    | Killed a Killer Klown
 57790 | Zot:5    | Noticed an orb of fire
 57794 | Zot:5    | Killed a Killer Klown
 57798 | Zot:5    | Killed an orb of fire
 57816 | Zot:5    | Reached skill level 22 in Dodging
 57869 | Zot:5    | Noticed a Killer Klown
 57877 | Zot:5    | Killed a Killer Klown
 57970 | Zot:5    | Noticed an orb of fire
 57971 | Zot:5    | Noticed an orb of fire
 57975 | Zot:5    | Noticed a Killer Klown
 57979 | Zot:5    | Killed an orb of fire
 57980 | Zot:5    | Killed an orb of fire
 57982 | Zot:5    | Killed a Killer Klown
 58000 | Zot:5    | Noticed an ancient lich
 58084 | Zot:5    | Killed an ancient lich
 58357 | Zot:5    | Got the Orb of Zot
 58359 | Zot:5    | Noticed Lobrief the pandemonium lord
 58404 | Zot:5    | Killed Lobrief the pandemonium lord
 58456 | Zot:4    | Noticed Papnauk the pandemonium lord
 58522 | Zot:1    | Noticed Heerchaexodu's ghost (veteran OgBe)
 58525 | Zot:1    | Noticed Juhipt's ghost (veteran MiBe)
 58535 | Zot:1    | Noticed a Killer Klown
 58536 | Zot:1    | Found a shimmering altar of Xom.
 58536 | Zot:1    | Noticed a Killer Klown
 58538 | Zot:1    | Gained mutation: You can speak a Word of Chaos. [demonic
                  | ancestry]
 58538 | Zot:1    | Reached XP level 26. HP: 201/201 MP: 35/42
 58942 | D:$      | Escaped with the Orb!

Illustrated notes

Levels and vault maps discovered:
D:1:      shiori_shiawase, layout_basic, ebering_ecumenical_altar_abandoned
D:2:      layout_loops_ring, uniq_jessica
D:3:      layout_rooms, grunt_ashenzari_visionary
          [grunt_ashenzari_visionary_shoals, grunt_ashenzari_visionary_spider],
          mainiacjoe_overflow_six_doors_small, serial_park_tiny_pond,
          uniq_grinder, uniq_natasha
D:4:      minmay_inner_zag, layout_basic, grunt_gozag_statues,
          minmay_temple_entry_waves, roderic_serpentine_path,
          minmay_misc_feat_more_columns, uniq_robin, uniq_eustachio
D:5:      layout_loops_ring, mainiacjoe_overflow_tiny_flanked,
          lemuel_tele_altar, mainiacjoe_overflow_alcove_2,
          serial_co_window_serial, co_window_corner_a, co_window_paths_b,
          co_window_corner_a, co_window_paths_a, co_window_paths_b,
          co_window_corner_b, co_window_paths_c, co_window_corner_b,
          co_window_4corner_b, glass_columns_a, glass_columns_c,
          glass_columns_a, nicolae_underground_beach
D:6:      layout_loops_corners, nicolae_overflow_hidden_temple, hellmonk_no_cap
D:7:      layout_rooms, nicolae_hepliaklqana_monster_ancestors,
          nicolae_qazlal_beasts_of_the_sky,
          chequers_temple_overflow_statue_of_worship, serial_glass,
          glass_columns_b, glass_columns_b, glass_columns_a, glass_columns_b,
          glass_columns_c, glass_columns_b, item_on_display_a, item_on_display_a
D:8:      layout_cave_pods, mainiacjoe_overflow_alcove_4
D:9:      layout_gridville, bloody_makhleb, enter_bailey_3, uniq_prince_ribbit1
D:10:     layout_rooms
D:11:     layout_cave_pools, minmay_lair_entry_grove, orc_0_dummy,
          gauntlet_entry_generic, nzn_life_drinkers
D:12:     layout_basic, st_stairs_10
D:13:     layout_loops_cross, david_vaults_1, uniq_frances
D:14:     layout_basic, chequers_serial_rivers_large_b, kennysheep_potato,
          uniq_kirke
D:15:     grunt_enter_depths_snipers, layout_stronghold,
          hangedman_corner_corridor
Lair:1:   lemuel_slime, layout_cellular_growth, beast_lair_carwin_7,
          uniq_amaemon
Lair:2:   layout_layer_cave, minmay_shoals_entry_beasts
Lair:3:   layout_chaotic_city, nicolae_spider_entry_non_spiders,
          gammafunk_ghost_wrathful_warriors
Lair:4:   layout_hall_layers
Lair:5:   minmay_lair_end_frog_pond, layout_regular_city, slime_entry_1,
          infiniplex_staircase_pool_2
Shoals:1: layout_shoals, hangedman_shoal_volcano
Shoals:2: layout_shoals, nicolae_shoals_lost_giant_pillars,
          nicolae_shoals_gull_way
Shoals:3: layout_shoals
Shoals:4: shoals_end_grunt_garden, layout_shoals, shoal_ilsuiw
Spider:1: layout_spider_delve, portal_ice_cave_entry_pillars_four
Spider:2: layout_spider_delve, gammafunk_ghost_cemetery, drop_trap,
          nicolae_spider_eight_legs
Spider:3: layout_cave_pods, gammafunk_ghost_grave, drop_trap, uniq_azrael,
          uniq_asterion, uniq_nikola
Spider:4: grunt_spider_rune_parallel
Slime:1:  layout_caves
Slime:2:  layout_caves
Slime:3:  layout_caves, special_room [special_room_jelly],
          nicolae_slime_getting_an_eyeful
Slime:4:  layout_caves, cheibrodos_slime_lost_civilization_5
Slime:5:  slime_pit_nicolae_amoeboid
Orc:1:    layout_caves, basic_altar, uniq_nergalle
Orc:2:    st_orc_ogre_mass, layout_diamond_mine, statue_in_the_mist_lemuel,
          sword_in_stone
Elf:1:    nicolae_elf_arrival_fired_up, layout_loops_corners, enter_trove_3,
          serial_shops, nicolae_book_shop_shelving, minmay_elf_annihilation,
          uniq_agnes
Elf:2:    nicolae_elf_blades_crystal_corner, layout_rooms, special_room
          [special_room_orc], st_stairs_9
Elf:3:    elf_hall, layout_gridlike, ebering_ghost_disaster_area,
          hangedman_aerie_drop, uniq_donald
Vaults:1: v_misc_26, nicolae_vaults_little_ls, grunt_vaults_trifunnel,
          nicolae_vaults_oval_intersection, nicolae_vaults_tetromino_Z_2,
          nicolae_vaults_quartermaster, nicolae_vaults_trapezoid_4,
          nicolae_vaults_border_crossing, layout_vaults_chaotic_city,
          serial_shops, shop
Vaults:2: nicolae_vaults_heart-shaped_vault,
          nicolae_vaults_doubleplus_tesselated, blue_anna_dwarven_crypt,
          v_misc_29, lightli_church_of_beogh, nicolae_vaults_storage_closets_1,
          nicolae_vaults_diamond_1, nicolae_vaults_specimen_jars,
          vaults_dpeg_hooks, nicolae_vaults_asterisk, layout_vaults_omnigrid,
          serial_shops, shop
Vaults:3: nicolae_vaults_closet_pinwheel_5, vaults_mumra_chevron,
          nicolae_vaults_cochlea, vaults_room_semicircle,
          ontoclasm_vaults_shuriken, nicolae_vaults_off_center_swirl,
          nicolae_vaults_little_squares_3, v_misc_8,
          nicolae_vaults_little_squares_4, vaults_room_corners,
          nicolae_vaults_closet_pinwheel_3, vaults_mumra_hex,
          layout_vaults_big_cross
Vaults:4: v_rooms_6, nicolae_vaults_heist, v_misc_9, v_misc_30,
          nicolae_vaults_sesquioval_fish, v_misc_10, nicolae_vaults_house_1,
          nicolae_vaults_you_can_take_it_with_you, nicolae_vaults_double_plus_3,
          vaults_room_semicircle, vaults_room_semicircle,
          nicolae_vaults_layer_cake_slice, nicolae_vaults_trapezoid_3,
          layout_vaults_maze
Vaults:5
Depths:1: layout_honeycomb, enter_ziggurat_b, hell_entry, zin_angel,
          st_stairs_14, minmay_checkered_concentric_circles
Depths:2: minmay_outward_triangles, layout_gridville, pan_entry,
          grunt_hell_horde, serial_shops, kennysheep_mini_moat, shop, shop,
          nicolae_shop_back_alley_shop
Depths:3: minmay_shoctagon, layout_cave_shapes, abyss_entry_small_statue_room,
          hangedman_tar_grid_catacomb, hangedman_decor_push, minmay_acid_items,
          minmay_shop_star
Depths:4: grunt_zot_entry_alcove, layout_cave_shapes, nicolae_eternal_life,
          hell_entry, nicolae_figureground_pulse
Zot:1:    dreamdust_zin_vs_xom, layout_gridville,
          regret_index_zotdec_serpentine_scales, nzn_ghost_randoct,
          hangedman_zot_decor_checkerboard
Zot:2:    hangedman_zot_vaults_quadrants, layout_onion_interference, st_stairs_1
Zot:3:    layout_misc_corridors, regret_index_zotdec_glowing_original
Zot:4:    layout_gridlike, regret_index_zotdec_onion_hex, gammafunk_ghost_crypt
Zot:5:    layout_gridlike

Skill      XL: |  1  2  3  4  5  6  7  8  9 10 11 12 13 14 15 16 17 18 19 20 21 22 23 24 25 |
---------------+----------------------------------------------------------------------------+-----
Summonings     | 2 3 4 |  4.0
Fighting       | 1 2 4 5 6 9 10 11 12 13 15 16 17 18 | 18.4
Spellcasting   | 4 6 8 9 11 12 | 12.0
Conjurations   | 2 3 6 |  6.8
Poison Magic   | 2 |  2.6
Air Magic      | 2 |  2.4
Stealth        | 4 6 9 12 | 12.8
Short Blades   | 3 4 6 7 9 10 | 10.3
Ice Magic      | 5 9 11 13 14 15 16 18 20 | 20.7
Shields        | 4 7 8 9 |  9.9
Dodging        | 2 5 7 9 10 12 13 15 16 17 19 20 22 | 22.0
Translocations | 4 |  4.4
Transmutations | 4 |  4.8
Armour         | 3 4 5 9 11 13 15 17 19 | 19.8
Earth Magic    | |  0.7

Action                     |  1- 3 |  4- 6 |  7- 9 | 10-12 | 13-15 | 16-18 | 19-21 | 22-24 | 25-27 || total
---------------------------+-------+-------+-------+-------+-------+-------+-------+-------+-------++-------
  Melee: Dagger            |    66 |    57 |   248 |   569 |   531 |   408 |    70 |       |       ||  1949
         Whip              |     6 |    28 |       |       |       |       |       |       |       ||    34
         Punch             |     1 |       |     5 |     4 |       |       |       |       |       ||    10
         Kick              |       |    26 |    78 |   232 |   220 |    30 |       |   184 |   133 ||   903
         Cutlass           |       |       |       |       |       |       |   684 |  1290 |   225 ||  2199
   Cast: Magic Dart        |    46 |    27 |    61 |    32 |     1 |       |       |       |       ||   167
         Call Imp          |     5 |    13 |    50 |    61 |     1 |       |     1 |       |       ||   131
         Mephitic Cloud    |       |       |     3 |   120 |    11 |       |       |       |       ||   134
         Ozocubu's Refrige |       |       |       |     1 |   220 |   314 |    99 |    87 |    15 ||   736
         Passage of Golubr |       |       |       |       |     4 |       |       |       |       ||     4
         Irradiate         |       |       |       |       |     9 |    60 |    14 |    35 |    12 ||   130
         Polar Vortex      |       |       |       |       |       |       |    45 |    72 |    27 ||   144
 Invoke: Curse Item        |       |     1 |     3 |     6 |       |     2 |     4 |       |       ||    16
         Shatter the Chain |       |       |     1 |       |     1 |     2 |     2 |       |       ||     6
  Evoke: Wand              |       |     1 |       |       |       |    19 |       |     1 |       ||    21
    Use: Scroll            |     4 |     1 |     4 |     3 |     5 |     9 |     1 |     4 |     8 ||    39
         Potion            |       |     1 |     1 |     5 |     2 |    10 |       |       |    10 ||    29
   Stab: Sleeping          |     4 |       |     5 |     7 |    12 |    17 |    18 |    20 |     4 ||    87
         Paralysed         |       |       |    54 |    79 |    57 |    50 |    37 |    22 |     3 ||   302
         Distracted        |       |       |     1 |       |       |     4 |     4 |     6 |       ||    15
         Confused          |       |       |       |    27 |    10 |       |       |       |       ||    37
         Invisible         |       |       |       |     2 |       |       |       |       |       ||     2
 Armour: Robe              |    39 |    54 |   151 |   238 |   189 |    86 |       |       |       ||   757
         Ring mail         |       |       |       |       |       |   149 |   233 |   460 |   125 ||   967
  Dodge: Dodged            |    51 |    57 |   200 |   408 |   371 |   379 |   489 |   734 |   170 ||  2859
  Block: Buckler           |       |       |       |    93 |   114 |   121 |   120 |   226 |    45 ||   719

Table legend: (Time is in decaauts)
 A = Elapsed time spent in this place.
 B = Non-inter-level travel time spent in this place.
 C = Inter-level travel time spent in this place.
 D = Time resting spent in this place.
 E = Time spent auto-exploring this place.
 F = Levels seen in this place.
 G = Mean time per level.
                   A        B        C        D        E       F      G
               +--------+--------+--------+--------+--------+-----+--------+
         Total |  57013 |  52228 |   4785 |   2818 |  38180 |  60 |  950.2 |
       Dungeon |  16284 |  14907 |   1377 |    880 |  11384 |  15 | 1085.6 |
          Lair |   7579 |   6558 |   1021 |    446 |   5036 |   5 | 1515.8 |
        Shoals |   4800 |   4302 |    498 |     60 |   3446 |   4 | 1200.0 |
   Spider Nest |   3441 |   3150 |    291 |    223 |   2243 |   4 |  860.2 |
    Slime Pits |   1515 |   1433 |     82 |     82 |    951 |   5 |  303.0 |
  Orcish Mines |   1315 |   1029 |    286 |      0 |    842 |   2 |  657.5 |
   Elven Halls |   5255 |   4857 |    398 |    822 |   3309 |   3 | 1751.7 |
        Vaults |   6418 |   6073 |    345 |    154 |   4482 |   5 | 1283.6 |
        Depths |   4067 |   3729 |    338 |     30 |   2889 |   4 | 1016.8 |
           Zot |   3145 |   2999 |    146 |      8 |   1916 |   5 |  629.0 |
         Abyss |   1357 |   1357 |      0 |      0 |    754 |   4 |  339.2 |
         Trove |     49 |     49 |      0 |      0 |      0 |   1 |   49.0 |
        Bailey |    707 |    707 |      0 |      0 |    413 |   1 |  707.0 |
      Ice Cave |    483 |    483 |      0 |      0 |    231 |   1 |  483.0 |
      Gauntlet |    590 |    590 |      0 |    113 |    282 |   1 |  590.0 |
               +--------+--------+--------+--------+--------+-----+--------+

Top non-repeatable levels by time:
   Elf:1: 2505 daAuts
   Elf:3: 1820 daAuts
  Lair:1: 1733 daAuts
  Lair:5: 1639 daAuts
  Lair:2: 1621 daAuts
     D:4: 1482 daAuts
  Lair:4: 1458 daAuts
    D:15: 1394 daAuts
Vaults:2: 1361 daAuts
Spider:3: 1341 daAuts
     D:1: 1326 daAuts
Vaults:1: 1321 daAuts
Shoals:4: 1301 daAuts
Vaults:5: 1259 daAuts
Shoals:3: 1256 daAuts
